 Dungeon Crawl Stone Soup version 0.28-a0-845-gfc338a8e3c (webtiles) character file.

Game seed: 16800047534868659164

62 bande the Skirmisher (level 4, -7/29 HPs)
             Began as a Gargoyle Fighter on Nov 12, 2021.
             Mangled by an iguana (8 damage)
             ... on level 2 of the Dungeon.
             The game lasted 00:01:21 (1238 turns).

bande the Skirmisher (Gargoyle Fighter)             Turns: 1238, Time: 00:01:21

Health: -7/29      AC: 10    Str: 21    XL:     4   Next: 8%
Magic:  4/4        EV:  9    Int:  8    God:
Gold:   42         SH:  4    Dex:  9    Spells: 3/3 levels left

rFire   . . .      SeeInvis .   a - +0 war axe
rCold   . . .      Faith    .   c - +0 buckler
rNeg    + . .      Spirit   .   b - +0 scale mail
rPois   ∞          Reflect  .   (no helmet)
rElec   +          Harm     .   (no cloak)
rCorr   .          Rampage  .   (no gloves)
Will    .....                   (no boots)
Stlth   ..........              (no amulet)
HPRegen 0.09/turn               (no ring)
MPRegen 0.09/turn               (no ring)

@: no status effects
A: sickness immunity, AC +3, negative energy resistance 1, electricity
resistance, torment resistance 1, petrification resistance
a: no special abilities


You were on level 2 of the Dungeon.
You visited 1 branch of the dungeon, and saw 2 of its levels.

You collected 42 gold pieces.

Inventory:

Hand Weapons
 a - a +0 war axe (weapon)
Armour
 b - a +0 scale mail (worn)
 c - a +0 buckler (worn)
Jewellery
 f - a ring of magical power
Potions
 d - a potion of might


   Skills:
 + Level 4.1 Fighting
 + Level 3.0 Axes
 + Level 3.4 Armour
 + Level 3.5 Shields


You had 3 spell levels left.
You didn't know any spells.
Your spell library was empty.

Dungeon Overview and Level Annotations

Branches:
Dungeon (2/15)

Altars:


Innate Abilities, Weirdness & Mutations

You are immune to sickness and miasma.
Your stone body is resilient. (AC +3)
You are immune to poison.
You resist negative energy. (rN+)
You are resistant to electric shocks. (rElec)
You are resistant to unholy torment.
You are immune to petrification.


Message History

A goblin is nearby!
The goblin shouts!
Things that are here:
a +0 club; a goblin corpse No target in view!
No target in view!
No target in view!
No target in view!
No target in view!
A goblin is nearby!
You closely miss the goblin. The goblin hits you but does no damage.
You slash the goblin!
You kill the goblin!
No target in view!
No target in view!
No target in view!
No target in view!
No target in view!
No target in view!
HP restored.
Things that are here:
a +0 club; a goblin corpse A giant cockroach comes into view.
An iguana comes into view.
The iguana hisses angrily.
The giant cockroach bites you but does no damage.
You slash the giant cockroach!
You kill the giant cockroach!
Your Axes skill increases to level 3!
You hit the iguana but do no damage. The iguana bites you. x2
You hit the iguana but do no damage. The iguana bites you!
You are too injured to fight recklessly!
You are too injured to fight recklessly!
You closely miss the iguana. The iguana bites you.
You barely miss the iguana. The iguana bites you.
* * * LOW HITPOINT WARNING * * *
The iguana bites you!
* * * LOW HITPOINT WARNING * * *
You completely miss the iguana. The iguana bites you!
You die...

#### ..
........ #.#
(##.... #.#
......### ...
.##.....# #..
## ........#
#.# .##
.##.....
#.####..##.##
...†##.#
#....@l......
....##.##
#.###........
#.......####.#
##.......
...).#.......#
.......
.#...##.######
.......
####..#.#######
....... #
#.)#........
....... #
##..########
####.## #
#........#


You could see an iguana.

Vanquished Creatures
  Jessica (D:2)
  An adder (D:2)
  3 ball pythons
  2 endoplasms (D:1)
  2 giant cockroaches
  3 goblins
  3 hobgoblins (D:1)
  A quokka (D:1)
  4 bats (D:1)
  2 frilled lizards (D:1)
  A kobold (D:1)
  3 rats
26 creatures vanquished.

Vanquished Creatures (others)
  A fungus (D:2)
1 creature vanquished.

Grand Total: 27 creatures vanquished

Notes
Turn   | Place    | Note
-------+----------+-------------------------------------------
     0 | D:1      | bande the Gargoyle Fighter began the quest for the Orb.
     0 | D:1      | Reached XP level 1. HP: 14/14 MP: 1/1
   196 | D:1      | Found a faded altar of an unknown god.
   234 | D:1      | Reached XP level 2. HP: 19/19 MP: 2/2
  1030 | D:2      | Noticed Jessica
  1036 | D:2      | Killed Jessica
  1037 | D:2      | Reached skill level 4 in Fighting
  1037 | D:2      | Reached XP level 3. HP: 24/24 MP: 3/3
  1040 | D:2      | Reached XP level 4. HP: 29/29 MP: 4/4
  1237 | D:2      | HP: 1/29 [iguana (7)]
  1238 | D:2      | Mangled by an iguana

Illustrated notes

Levels and vault maps discovered:
D:1:      eino_arrival_water_star, layout_basic, basic_ecumenical_altar,
          roderic_lattice_a, chequers_garden
D:2:      layout_rooms, uniq_jessica, uniq_crazy_yiuf_cottage

Skill      XL: |  1  2  3  4 |
---------------+-------------+-----
Axes           | 2 3 |  3.0
Fighting       | 4 |  4.1
Armour         | |  3.4
Shields        | |  3.5

Action                   |  1- 3 |  4- 6 || total
-------------------------+-------+-------++-------
Melee: War axe           |    66 |    23 ||    89
  Use: Scroll            |       |     1 ||     1
Armor: Scale mail        |    40 |     8 ||    48
Dodge: Dodged            |    39 |     8 ||    47
Block: Buckler           |    13 |     2 ||    15

Table legend: (Time is in decaauts)
 A = Elapsed time spent in this place.
 B = Non-inter-level travel time spent in this place.
 C = Inter-level travel time spent in this place.
 D = Time resting spent in this place.
 E = Time spent auto-exploring this place.
 F = Levels seen in this place.
 G = Mean time per level.
                   A        B        C        D        E       F      G
               +--------+--------+--------+--------+--------+-----+--------+
         Total |   1272 |   1272 |      0 |    100 |    949 |   2 |  636.0 |
       Dungeon |   1272 |   1272 |      0 |    100 |    949 |   2 |  636.0 |
               +--------+--------+--------+--------+--------+-----+--------+

Top non-repeatable levels by time:
     D:1: 1054 daAuts
     D:2: 218 daAuts
